 Dungeon Sprint DCSS version 0.31-a0-728-g01b46875f1 (webtiles) character file.

Game seed: 5195403168850844323

118 sircluck the Ruffian (level 4, -5/75 HPs)
             Began as a Troll Berserker on Sept 11, 2023.
             Was a Follower of Trog.
             Slain by a lindwurm (8 damage)
             ... in the Dungeon (Sprint VII: "The Pits").
             The game lasted 00:00:38 (98 turns).

sircluck the Ruffian (Troll Berserker)                Turns: 98, Time: 00:00:39

Health: -5/75      AC:  4    Str: 27    XL:     4   Next: 72%
Magic:  3/3        EV: 11    Int:  3    God:    Trog [*.....]
Gold:   0          SH:  0    Dex:  9    Spells: 3/3 levels left

rFire   . .          .
                       - Unarmed
rCold   . . .        (no shield)
rNeg    . . .        a - +0 animal skin
rPois   .            (helmet restricted)
rElec   .            (no cloak)
rCorr   .            (gloves unavailable)
SInv    .            (boots unavailable)
Will    .....        (no amulet) Stlth
                     (no ring)
HPRegen 1.12/turn    (no ring)
MPRegen 0.08/turn

%: no teleportation
@: berserking, very quick
A: large, unfitting armour, claws 3, regeneration 1, shaggy fur 1, tough skin 1
a: Renounce Religion, Berserk


You were in the Dungeon.
You worshipped Trog.
Trog was aware of your devotion.
You visited 1 branch

Inventory:

Armour
 a - a +0 animal skin (worn)
Scrolls
 g - a scroll of blinking
Potions
 b - a potion of curing
 c - a potion of heal wounds
 d - a potion of haste
 e - 2 potions of magic
 f - a potion of berserk rage


   Skills:
 + Level 5.1 Fighting
 + Level 5.1 Dodging
 + Level 6.2 Unarmed Combat


You had 3 spell levels left.
You didn't know any spells.
Your spell library was empty.

Dungeon Overview and Level Annotations

Branches:
Dungeon (1/1)

Altars:


Innate Abilities, Weirdness & Mutations

You are too large for most types of armour.
You have claws for hands.
Your natural rate of healing is unusually fast.
You are covered in fur. (AC +1)
You have tough skin. (AC +1)


Message History

You feel stronger. x3
You have reached level 4!
You start resting.
You feel a strong urge to attack something.
You start resting.
You are no longer berserk.
You are exhausted.
You feel yourself slow down.
You start resting.
HP restored.
You start waiting.
You feel yourself speed up.
You start waiting.
You recover from your berserk rage.
There is a huge open gate to the Metal Vault (Medium) here.
There is a huge open gate to the Metal Vault (Medium) here.
A lindwurm comes into view.
The lindwurm roars!
There is a huge open gate to the Metal Vault (Medium) here.
There is a huge open gate to the Metal Vault (Medium) here.
The lindwurm breathes flames at you. The blast of flame hits you!!!
Ouch! That really hurt!
* * * LOW HITPOINT WARNING * * *
The lindwurm barely misses you. The lindwurm claws you!
* * * LOW HITPOINT WARNING * * *
The lindwurm claws you.
* * * LOW HITPOINT WARNING * * *
Unknown command.
A red film seems to cover your vision as you go berserk!
You feel yourself moving faster!
You feel mighty!
The lindwurm bites you but does no damage.
The lindwurm claws you but does no damage. x2
You mangle the lindwurm!!
The lindwurm is heavily wounded.
You barely miss the lindwurm.
The lindwurm is heavily wounded.
The lindwurm bites you but does no damage.
The lindwurm barely misses you. The lindwurm claws you!
You die...

##########++######
#................#
#......#..#......#
#................+
+................+
#......#..#......#
#...@k...........#
####)#####''######
#.......##''#
#.......##..#
#.......##k.#
#...<...##..#
#.......##..#
#.......##..#
#.......##...#


You could see a lindwurm.

Vanquished Creatures
  An ice beast (D)
  Ijyb (D)
2 creatures vanquished.

Notes
Turn   | Place    | Note
-------+----------+-------------------------------------------
     0 | D        | sircluck the Troll Berserker began the quest for the Orb.
     0 | D        | Reached XP level 1. HP: 22/22 MP: 0/0
    12 | D        | Noticed Ijyb
    12 | D        | Noticed a deep elf knight
    30 | D        | Killed Ijyb
    31 | D        | Reached skill level 4 in Unarmed Combat
    31 | D        | Reached XP level 2. HP: 32/32 MP: 1/1
    31 | D        | Noticed an ice beast
    36 | D        | Killed an ice beast
    37 | D        | Reached skill level 5 in Fighting
    37 | D        | Reached skill level 5 in Dodging
    37 | D        | Reached skill level 6 in Unarmed Combat
    37 | D        | Reached XP level 3. HP: 42/42 MP: 2/2
    37 | D        | Reached XP level 4. HP: 50/50 MP: 3/3
    77 | D        | Noticed a lindwurm
    95 | D        | HP: 1/50 [lindwurm (4)]
    98 | D        | Slain by a lindwurm

Illustrated notes

Levels and vault maps discovered:
D:        pitsprint [storerooms_1, entrance_room_1, metal_vault_3, armoury_1,
          mini_pit_1, grid_room_1, main_hall_1, silver_pit, the_coven_1,
          the_vestibule_1, steel_vault_2, golden_pit, hallway_of_sentries,
          crystal_vault_2, iron_vault_5, final_vault]

Skill      XL: |  1  2 |
---------------+-------+-----
Fighting       | 3 5 |  5.1
Dodging        | 3 5 |  5.1
Unarmed Combat | 4 6 |  6.2

Action                     |  1- 3 |  4- 6 || total
---------------------------+-------+-------++-------
  Melee: Unarmed           |     7 |     2 ||     9
 Invoke: Berserk           |     1 |     1 ||     2
 Armour: Animal skin       |     2 |     8 ||    10
  Dodge: Dodged            |     1 |     2 ||     3

Table legend: (Time is in decaauts)
 A = Elapsed time spent in this place.
 B = Non-inter-level travel time spent in this place.
 C = Inter-level travel time spent in this place.
 D = Time resting spent in this place.
 E = Time spent auto-exploring this place.
 F = Levels seen in this place.
 G = Mean time per level.
                   A        B        C        D        E       F      G
               +--------+--------+--------+--------+--------+-----+--------+
         Total |    102 |    102 |      0 |     37 |     12 |   1 |  102.0 |
       Dungeon |    102 |    102 |      0 |     37 |     12 |   1 |  102.0 |
               +--------+--------+--------+--------+--------+-----+--------+

Top non-repeatable levels by time:
       D: 102 daAuts
